[Event "Titled Tuesday Blitz August 15 Late 2023"]
[White "Olenik Campa, Rudi"]
[Black "Szente Varga, Fruzsina"]
[WhiteFideId "14633264"]
[BlackFideId "712264"]
[WhiteElo "2516"]
[BlackElo "2318"]
[Result "1-0"]
[Round "4"]
[TimeControl "180+1"]
[Date "2023.08.15"]
[WhiteClock "0:00:03"]
[BlackClock "0:00:02"]
[Board "98"]

1. e4 c5 2. Nf3 Nc6 3. Bb5 g6 4. O-O Bg7 5. Re1 Nf6 6. c3 O-O 7. d4 d5 8. e5 Ne4 9. Nbd2 cxd4 10. cxd4 Qb6 11. Bxc6 Qxc6 12. Nxe4 dxe4 13. d5 Qc4 14. Qd4 Qxd4 15. Nxd4 Bxe5 16. Rxe4 Bf6 17. Bf4 Rd8 18. Nb5 Bf5 19. Ree1 Rac8 20. d6 e5 21. Bxe5 Bxe5 22. Rxe5 a6 23. Nd4 Rxd6 24. Nxf5 gxf5 25. Rxf5 Rd2 26. b4 Rxa2 27. Rf1 Rb2 28. Rf4 Rc3 29. g3 Rcb3 30. Rd1 Rb1 31. Rxb1 Rxb1+ 32. Kg2 Kf8 33. Re4 Rb3 34. h4 b6 35. g4 Ra3 36. f3 a5 37. bxa5 bxa5 38. Re5 Ra2+ 39. Kg3 a4 40. Ra5 Kg7 41. Ra6 Ra1 42. h5 Kf8 43. Ra7 Kg7 44. Ra6 Kf8 45. Kf4 Ke7 46. Kf5 Ra3 47. f4 Rd3 48. Ra7+ Rd7 49. Rxa4 Rd5+ 50. Ke4 Rb5 51. Rd4 Kf6 52. g5+ Kg7 53. Kf3 Rb3+ 54. Kg4 Rb1 55. Rd5 Rg1+ 56. Kf5 h6 57. g6 fxg6+ 58. hxg6 h5 59. Rd7+ Kg8 60. Kf6 1-0


[Site "https://www.chess.com"]

[Event "Titled Tuesday Blitz August 15 Late 2023"]
[White "Janaszak, Dawid"]
[Black "Phillips, Rene"]
[WhiteFideId "1119206"]
[BlackFideId "2056275"]
[WhiteElo "2510"]
[BlackElo "2099"]
[Result "0-1"]
[Round "4"]
[TimeControl "180+1"]
[Date "2023.08.15"]
[WhiteClock "0:00:13"]
[BlackClock "0:00:16"]
[Board "99"]

1. d4 Nc6 2. d5 Ne5 3. h4 h5 4. e4 e6 5. Nc3 Bb4 6. Qd4 Bxc3+ 7. Qxc3 d6 8. f4 Ng4 9. Qxg7 Qf6 10. Qxf6 N8xf6 11. dxe6 Bxe6 12. Bd3 O-O-O 13. Nf3 Rhg8 14. f5 Bd7 15. Bg5 Bc6 16. O-O Rde8 17. Bc4 Rg7 18. Nd2 Nxe4 19. Nxe4 Rxe4 20. Bd3 Re8 21. f6 Rgg8 22. Rae1 Ne5 23. Bh7 Rh8 24. Bf5+ Bd7 25. Be4 Bc6 26. Rf2 Bxe4 27. Rxe4 Ng4 28. Rfe2 Re5 29. Rxe5 Nxe5 30. Kf2 Re8 31. Kg3 Kd7 32. Rf2 Ng4 33. Rf5 Re2 34. Rb5 b6 35. c3 c6 36. Rb4 Re6 37. Ra4 a5 38. Rf4 Re3+ 39. Rf3 Re2 40. Rf4 Re3+ 41. Rf3 Re2 42. b4 Rxa2 43. Rf4 Ra3 44. Rxg4 Rxc3+ 45. Kf4 Rc4+ 46. Kf5 Rxg4 47. bxa5 bxa5 48. Bd2 a4 49. Bb4 Rxb4 0-1


[Site "https://www.chess.com"]

[Event "Titled Tuesday Blitz August 15 Late 2023"]
[White "Grigorov, Grigor"]
[Black "Zampronha, Wladimir Camilo"]
[WhiteFideId "2907313"]
[BlackFideId "2103087"]
[WhiteElo "2820"]
[BlackElo "2246"]
[Result "1-0"]
[Round "4"]
[TimeControl "180+1"]
[Date "2023.08.15"]
[WhiteClock "0:00:32"]
[BlackClock "0:01:07"]
[Board "100"]

1. d4 Nf6 2. Nf3 e6 3. Bg5 c5 4. e3 Be7 5. Nbd2 cxd4 6. exd4 Nd5 7. Bxe7 Qxe7 8. c3 d6 9. Bc4 b6 10. O-O O-O 11. Re1 Nf6 12. Qe2 a5 13. a4 Ba6 14. h3 Bxc4 15. Nxc4 Nbd7 16. Na3 Rac8 17. Nb5 Nd5 18. Nd2 N7f6 19. Qf3 Rfd8 20. Qg3 Nc7 21. Na7 Ra8 22. Nc6 Qd7 23. Nxd8 Rxd8 24. Nc4 Ncd5 25. Qf3 Qc6 26. Ne3 Qc7 27. Nc2 h6 28. Na3 Qc6 29. Nb5 Qd7 30. Rac1 Nc7 31. Qb7 Nxb5 32. Qxd7 Nxd7 33. axb5 Rc8 34. c4 Kf8 35. f4 Nf6 36. b3 Ke7 37. f5 Kd7 38. fxe6+ fxe6 39. Re2 Ne8 40. Rce1 Nc7 41. Rf2 Re8 42. Rf7+ Re7 43. Rxe7+ Kxe7 44. Kf2 d5 45. Ke3 Kd6 46. Kd3 Ne8 47. c5+ Kc7 48. Rxe6 1-0


[Site "https://www.chess.com"]

[Event "Titled Tuesday Blitz August 15 Late 2023"]
[White "Parligras, Mircea-Emilian"]
[Black "Rangel, Daniel"]
[WhiteFideId "1204297"]
[BlackFideId "2124475"]
[WhiteElo "2762"]
[BlackElo "2423"]
[Result "1-0"]
[Round "4"]
[TimeControl "180+1"]
[Date "2023.08.15"]
[WhiteClock "0:00:27"]
[BlackClock "0:00:06"]
[Board "102"]

1. e4 c5 2. f4 g6 3. Nf3 Bg7 4. d4 cxd4 5. Nxd4 Nc6 6. Nb3 Nf6 7. Nc3 O-O 8. Be2 d5 9. e5 Ne4 10. Nxd5 Be6 11. Ne3 Qb6 12. Bd3 Rfd8 13. Qe2 Nc5 14. Nxc5 Qxc5 15. O-O Nb4 16. Be4 Nd5 17. Kh1 Rac8 18. c3 Nb6 19. Qf3 Rc7 20. h3 Rcd7 21. Bxb7 Nc4 22. Nxc4 Bxc4 23. Be3 Qb5 24. Bc6 Qxb2 25. Rfb1 Qxc3 26. Bxd7 Rxd7 27. Rb8+ Bf8 28. Rc1 Qd3 29. f5 Bd5 30. Bh6 Bxf3 31. Rxf8# 1-0


[Site "https://www.chess.com"]

[Event "Titled Tuesday Blitz August 15 Late 2023"]
[White "FuenfgegenWilly"]
[Black "GaiozNigalidze"]
[WhiteElo "2415"]
[BlackElo "2716"]
[Result "0-1"]
[Round "4"]
[TimeControl "180+1"]
[Date "2023.08.15"]
[WhiteClock "0:00:00"]
[BlackClock "0:00:19"]
[Board "103"]

1. e4 c5 2. Nc3 Nc6 3. f4 e6 4. Nf3 a6 5. d3 d5 6. g3 Nf6 7. e5 d4 8. Bg2 dxc3 9. exf6 Qxf6 10. bxc3 Qxc3+ 11. Bd2 Qf6 12. O-O Be7 13. Qe1 O-O 14. Ne5 Nd4 15. Ng4 Qf5 16. Ne3 Qg6 17. c3 Nb5 18. Be4 f5 19. Bg2 Bf6 20. a4 Nd6 21. Rb1 Qf7 22. Qf2 Qc7 23. Nc4 Nxc4 24. dxc4 Rb8 25. Be3 Be7 26. Rb3 Bd7 27. Rfb1 b6 28. a5 bxa5 29. Rb7 Rxb7 30. Rxb7 Qd6 31. Qe1 Rd8 32. h4 a4 33. Kh2 Be8 34. Qb1 Kf8 35. Rb6 Qd3 36. Bg1 Qxb1 37. Rxb1 Rd3 38. Re1 Kf7 39. Re3 Rxe3 40. Bxe3 a3 41. Bc1 a2 42. Bb2 Ba4 43. Ba1 Bb3 44. Bf1 e5 45. fxe5 Ke6 46. Kg2 Kxe5 47. Kf3 g5 48. hxg5 Bxg5 49. Ke2 a5 50. Kd3 a4 51. Bg2 Bc1 52. Bf3 a3 53. Bd1 Bxd1 0-1


[Site "https://www.chess.com"]

[Event "Titled Tuesday Blitz August 15 Late 2023"]
[White "Rego, Pedro Filipe"]
[Black "Fiorito, Joaquin"]
[WhiteFideId "1904310"]
[BlackFideId "180173"]
[WhiteElo "2416"]
[BlackElo "2673"]
[Result "1-0"]
[Round "4"]
[TimeControl "180+1"]
[Date "2023.08.15"]
[WhiteClock "0:00:13"]
[BlackClock "0:00:34"]
[Board "104"]

1. c4 Nf6 2. Nf3 e6 3. d4 d5 4. g3 Bb4+ 5. Bd2 a5 6. Bg2 O-O 7. O-O dxc4 8. Bg5 h6 9. Bxf6 Qxf6 10. a3 Bd6 11. Nbd2 b5 12. Ne4 Qe7 13. a4 b4 14. Nfd2 Bb7 15. Nxc4 Nd7 16. Nexd6 Bxg2 17. Nf5 exf5 18. Kxg2 c5 19. Qd3 cxd4 20. Qxd4 Nc5 21. Qe5 Qb7+ 22. f3 Ne6 23. Rfd1 Rad8 24. Rd6 Rxd6 25. Nxd6 Qc7 26. Rd1 Rd8 27. Rd3 Qc2 28. Kf2 f4 29. gxf4 Qxa4 30. f5 Nf8 31. Qe7 Qd7 32. f6 gxf6 33. Qxf6 Ng6 34. Nf5 Qa7+ 35. e3 Qd4 36. Rxd4 1-0


[Site "https://www.chess.com"]

[Event "Titled Tuesday Blitz August 15 Late 2023"]
[White "Baghdasaryan, Vahe"]
[Black "Mendez Fortes, Eduardo Jesus"]
[WhiteFideId "13303139"]
[BlackFideId "3502376"]
[WhiteElo "2412"]
[BlackElo "2606"]
[Result "0-1"]
[Round "4"]
[TimeControl "180+1"]
[Date "2023.08.15"]
[WhiteClock "0:00:00"]
[BlackClock "0:00:54"]
[Board "105"]

1. e4 c5 2. c3 Nf6 3. e5 Nd5 4. Nf3 Nc6 5. Bc4 Nb6 6. Bb3 d5 7. exd6 Qxd6 8. O-O Be6 9. Bxe6 Qxe6 10. Re1 Qd6 11. Na3 a6 12. Nc2 e6 13. a4 Be7 14. d4 cxd4 15. Ncxd4 Nxd4 16. Nxd4 O-O 17. Qb3 Qc7 18. Nxe6 fxe6 19. Qxe6+ Rf7 20. a5 Nc4 21. b4 Rf8 22. Re4 Nd6 23. Re3 Kh8 24. f3 Nc4 25. Re4 Nd6 26. Re3 Bg5 27. Rd3 Bxc1 28. Rxc1 Nf5 29. Rcd1 h6 30. Rd7 Rxd7 31. Rxd7 Qxc3 32. h3 Qxb4 33. Rd5 Qf4 34. Re5 Nh4 35. Re4 Qg3 36. Rg4 Nxf3+ 37. Kf1 Ng5+ 38. Ke2 Qf2+ 39. Kd3 Rd8+ 40. Kc4 Qa2+ 41. Kb4 Qxe6 42. Rxg5 Rd4+ 43. Kc5 Qe3 44. Kb6 Rb4+ 45. Kc7 Qxg5 46. Kb8 b6 0-1


[Site "https://www.chess.com"]

[Event "Titled Tuesday Blitz August 15 Late 2023"]
[White "Balla, Tamas-Kristof"]
[Black "Sivakumar, Shaaketh"]
[WhiteFideId "1208497"]
[BlackFideId "30940176"]
[WhiteElo "2401"]
[BlackElo "2598"]
[Result "0-1"]
[Round "4"]
[TimeControl "180+1"]
[Date "2023.08.15"]
[WhiteClock "0:00:09"]
[BlackClock "0:01:41"]
[Board "106"]

1. e4 e6 2. d4 d5 3. Nd2 Nf6 4. e5 Nfd7 5. Bd3 c5 6. c3 Nc6 7. Ne2 Qb6 8. Nf3 cxd4 9. cxd4 Bb4+ 10. Bd2 Bxd2+ 11. Qxd2 Qb4 12. a3 Qxd2+ 13. Nxd2 b6 14. Rc1 Bb7 15. O-O Rc8 16. f4 f5 17. Nf3 Ke7 18. Nc3 a6 19. Rc2 b5 20. Rfc1 Na5 21. Na2 Nc4 22. Bxc4 dxc4 23. Rc3 Nb6 24. Re3 Be4 25. Nc3 Bb7 26. Ra1 Rhd8 27. a4 b4 28. Na2 a5 29. Nc1 Bxf3 30. Rxf3 Rxd4 31. Ne2 Rd2 32. Ng3 c3 33. bxc3 b3 34. Rb1 b2 35. Rff1 Nd5 36. Rf2 Rxf2 37. Kxf2 Nxc3 0-1


[Site "https://www.chess.com"]

[Event "Titled Tuesday Blitz August 15 Late 2023"]
[White "Yang, Cayden"]
[Black "KorolDimitriy75"]
[WhiteFideId "30967260"]
[WhiteElo "2584"]
[BlackElo "2401"]
[Result "1/2-1/2"]
[Round "4"]
[TimeControl "180+1"]
[Date "2023.08.15"]
[WhiteClock "0:00:08"]
[BlackClock "0:00:04"]
[Board "107"]

1. Nf3 c5 2. g3 g6 3. Bg2 Bg7 4. O-O Nc6 5. c4 Nh6 6. Nc3 Nf5 7. d3 h5 8. h4 a6 9. Rb1 Rb8 10. a4 d6 11. Bd2 Bd7 12. Re1 O-O 13. Ne4 b5 14. axb5 axb5 15. Bc3 bxc4 16. Bxg7 Kxg7 17. dxc4 Qa5 18. Bh3 Rb7 19. Nc3 Nxh4 20. Bxd7 Nxf3+ 21. exf3 Rxd7 22. Nd5 e6 23. Nf4 Nd4 24. b4 Qa2 25. Nd3 Qxc4 26. bxc5 e5 27. cxd6 f6 28. Re3 Rxd6 29. Rc1 Qd5 30. Nb4 Qb7 31. Nd3 Rfd8 32. Ne1 Nf5 33. Rd3 Nd4 34. Kh2 R6d7 35. Kh3 Kh7 36. Kg2 Rd6 37. Qd2 Qd7 38. Qa5 Qf7 39. Rcd1 R8d7 40. Qb4 Qe6 41. Qb2 Qf5 42. Qd2 Qe6 43. Qe3 Qd5 44. Kh3 Qe6+ 45. Kg2 Nf5 46. Qe4 Nd4 47. f4 Qd5 48. Qxd5 Rxd5 49. fxe5 fxe5 50. Nc2 Kg7 51. Ne3 R5d6 52. Nc4 Rd5 53. Nxe5 Rxe5 54. Rxd4 Rxd4 55. Rxd4 Re7 56. Rd6 Rf7 57. f4 Re7 58. Kf3 Ra7 59. Rd3 Ra6 60. Ke4 Ra4+ 61. Ke5 Ra5+ 62. Rd5 Ra3 63. Rd7+ Kh6 64. Kf6 Rxg3 65. Rd8 Kh7 66. Rd7+ Kh6 67. Rd8 Kh7 68. Rd7+ Kh6 1/2-1/2


[Site "https://www.chess.com"]

[Event "Titled Tuesday Blitz August 15 Late 2023"]
[White "Gamayev, Oleg"]
[Black "Wafa, Shrook"]
[WhiteFideId "2802813"]
[BlackFideId "10609970"]
[WhiteElo "2582"]
[BlackElo "2400"]
[Result "0-1"]
[Round "4"]
[TimeControl "180+1"]
[Date "2023.08.15"]
[WhiteClock "0:01:58"]
[BlackClock "0:01:52"]
[Board "108"]

1. d3 d5 2. e4 dxe4 3. dxe4 Qxd1+ 4. Kxd1 Nc6 5. Nf3 Bg4 6. Be2 O-O-O+ 7. Nfd2 Bxe2+ 8. Kxe2 e5 9. c3 Bc5 10. f3 a5 11. Nb3 Bb6 12. a4 Nge7 13. N1d2 f5 14. Nc4 fxe4 15. fxe4 Rhf8 16. Nxb6+ cxb6 17. Be3 Kc7 18. Nd2 Ng6 19. g3 Nce7 20. Nc4 Nc8 21. Ra3 Kc6 22. Rb3 Rf6 23. Nxb6 Nd6 24. Nd5 Nxe4 25. Nxf6 gxf6 26. Rb6+ Kd5 27. Rb5+ Kc6 28. Rxa5 f5 29. Rd1 Re8 30. Rb5 f4 31. Bg1 fxg3 32. hxg3 Nxg3+ 33. Kf3 Nf5 34. Rb6+ Kc7 35. Ke4 Ng3+ 36. Kf3 Nf5 37. Rd5 e4+ 38. Ke2 Nf4+ 0-1


[Site "https://www.chess.com"]

[Event "Titled Tuesday Blitz August 15 Late 2023"]
[White "Andrews, Todd"]
[Black "Krishnan, Varun"]
[WhiteFideId "2012456"]
[BlackFideId "5054508"]
[WhiteElo "2398"]
[BlackElo "2582"]
[Result "1-0"]
[Round "4"]
[TimeControl "180+1"]
[Date "2023.08.15"]
[WhiteClock "0:00:26"]
[BlackClock "0:00:00"]
[Board "109"]

1. e4 a6 2. d4 e6 3. Bd3 d5 4. e5 c5 5. c3 Nc6 6. Nf3 Bd7 7. a3 Qb6 8. Bc2 Nh6 9. b4 cxd4 10. cxd4 Nf5 11. Bb2 Be7 12. O-O O-O 13. g4 Nh4 14. Nxh4 Bxh4 15. Qd3 g6 16. Nd2 f5 17. gxf5 Rxf5 18. f4 Raf8 19. Qe3 R5f7 20. Kh1 Ne7 21. Qh3 Rxf4 22. Rxf4 Rxf4 23. Nf3 Bf2 24. Rf1 Be3 25. Re1 Qc6 26. Bd3 Bf2 27. Re2 Qa4 28. Rxf2 Qd1+ 29. Qf1 Qb3 30. Bc1 Rf8 31. Ng5 Nf5 32. Rf3 Qa4 33. Qh3 Qd1+ 34. Rf1 Ng3+ 35. hxg3 Rxf1+ 36. Qxf1 Qh5+ 37. Nh3 1-0


[Site "https://www.chess.com"]

[Event "Titled Tuesday Blitz August 15 Late 2023"]
[White "sebastianmarinp"]
[Black "Caspi, Israel"]
[BlackFideId "2807394"]
[WhiteElo "2398"]
[BlackElo "2572"]
[Result "0-1"]
[Round "4"]
[TimeControl "180+1"]
[Date "2023.08.15"]
[WhiteClock "0:00:00"]
[BlackClock "0:00:14"]
[Board "110"]

1. e4 d5 2. exd5 Qxd5 3. Nc3 Qd6 4. d4 Nf6 5. Nf3 a6 6. Ne5 Nc6 7. Nc4 Qxd4 8. Bd3 Qg4 9. Be2 Qxg2 10. Bf3 Qh3 11. Bf4 Bg4 12. Bxc6+ bxc6 13. Qd4 Qf3 14. Rg1 Nd5 15. Rxg4 Qxg4 16. Nxd5 cxd5 17. Qxd5 Rd8 18. Qc6+ Qd7 19. Qxa6 f6 20. Bd2 e5 21. O-O-O Be7 22. Na5 Bb4 23. Nc6 Bxd2+ 24. Kb1 O-O 25. Nxd8 Rxd8 26. Qe2 Qd4 27. c3 Qf4 28. Kc2 Qf5+ 29. Kb3 Rb8+ 30. Ka3 e4 31. Qc4+ Kh8 32. Rxd2 Qa5+ 33. Qa4 Qc5+ 34. b4 Qxc3+ 0-1


[Site "https://www.chess.com"]

[Event "Titled Tuesday Blitz August 15 Late 2023"]
[White "Graif, William"]
[Black "Melikhov, Evgeny V."]
[WhiteFideId "2609835"]
[BlackFideId "4122046"]
[WhiteElo "2566"]
[BlackElo "2397"]
[Result "0-1"]
[Round "4"]
[TimeControl "180+1"]
[Date "2023.08.15"]
[WhiteClock "0:00:00"]
[BlackClock "0:00:37"]
[Board "111"]

1. e4 e5 2. Nf3 Nc6 3. d4 exd4 4. c3 d3 5. Bxd3 d6 6. O-O Nf6 7. Re1 Be7 8. Bg5 O-O 9. Na3 Bg4 10. Nc2 Bxf3 11. Qxf3 Ne5 12. Qh3 Nxd3 13. Qxd3 Ng4 14. Bxe7 Qxe7 15. Qg3 Nf6 16. Nd4 Nh5 17. Nf5 Qe5 18. Qg4 g6 19. Rad1 Qf4 20. Qh3 Rae8 21. Ng3 Nxg3 22. hxg3 Qf6 23. f4 Re7 24. Re2 Rfe8 25. Rde1 d5 26. e5 Qf5 27. Qxf5 gxf5 28. Kf2 Kg7 29. Rh1 h6 30. Rhe1 Kg6 31. Kf3 c5 32. Rd1 Rd7 33. Red2 Red8 34. c4 d4 35. Rd3 f6 36. e6 Re7 37. Re1 Rd6 38. Rd2 Rdxe6 39. Rxe6 Rxe6 40. b4 Re3+ 41. Kf2 b6 42. bxc5 bxc5 43. Rb2 Rc3 44. Rb7 Rxc4 45. Rxa7 Rc2+ 46. Kf1 d3 47. Rd7 c4 48. a4 d2 49. Ke2 c3 50. Rd3 Rc1 51. a5 Re1+ 52. Kf2 d1=Q 0-1


[Site "https://www.chess.com"]

[Event "Titled Tuesday Blitz August 15 Late 2023"]
[White "Golubev, Mikhail"]
[Black "Fernandez Garcia, Gumersindo"]
[WhiteFideId "14100983"]
[BlackFideId "24516740"]
[WhiteElo "2559"]
[BlackElo "2396"]
[Result "1-0"]
[Round "4"]
[TimeControl "180+1"]
[Date "2023.08.15"]
[WhiteClock "0:00:01"]
[BlackClock "0:00:00"]
[Board "112"]

1. e4 Nf6 2. e5 Nd5 3. d4 d6 4. Nf3 g6 5. Bc4 Nb6 6. Bb3 Bg7 7. Ng5 O-O 8. e6 f6 9. Nf7 Qe8 10. d5 c6 11. c4 Na6 12. Be3 Nc5 13. Bxc5 dxc5 14. Nc3 f5 15. O-O Bf6 16. Re1 cxd5 17. cxd5 c4 18. Bc2 Rxf7 19. exf7+ Qxf7 20. d6 e5 21. Qf3 Be6 22. Rad1 Rd8 23. Nb5 e4 24. Qa3 a6 25. Nc7 Nd5 26. Nxd5 Bxd5 27. Qc5 Bc6 28. b3 c3 29. b4 Kg7 30. Bb3 Qe8 31. Bd5 Bxd5 32. Rxd5 Qd7 33. Red1 Rc8 34. Qe3 c2 35. Rc1 Bb2 36. Rc5 Bxc1 37. Qc3+ Kh6 38. Rxc8 Qxd6 39. Qxc2 Bg5 40. g3 e3 41. f4 Bf6 42. Kf1 Qxb4 43. Ke2 Bd4 44. Qd3 Qb2+ 45. Rc2 Qa1 46. Qc4 b6 47. Qd5 Bc5 48. Qd8 Qg1 49. Qh4+ Kg7 50. Rxc5 Qf2+ 51. Kd3 Qd2+ 52. Kc4 Qc2+ 53. Kd5 Qxc5+ 54. Ke6 e2 55. Qf6+ 1-0


[Site "https://www.chess.com"]

[Event "Titled Tuesday Blitz August 15 Late 2023"]
[White "chessmateto"]
[Black "Zavgorodniy, Sergiy"]
[BlackFideId "14110148"]
[WhiteElo "2393"]
[BlackElo "2557"]
[Result "1-0"]
[Round "4"]
[TimeControl "180+1"]
[Date "2023.08.15"]
[WhiteClock "0:00:45"]
[BlackClock "0:02:03"]
[Board "113"]

1. c4 c5 2. Nc3 Nc6 3. Nf3 g6 4. g3 Bg7 5. Bg2 e6 6. O-O Nge7 7. e3 O-O 8. b3 d5 9. Bb2 d4 10. exd4 Nxd4 11. Nxd4 Bxd4 12. Na4 Bxb2 13. Nxb2 Qd4 14. Qc2 Rd8 15. Rad1 Nf5 16. Na4 Rb8 17. Nc3 b6 18. Nb5 Qd7 19. Qb2 a6 20. Nc3 Nd4 21. Rfe1 Bb7 22. Ne4 Qe7 23. b4 f5 24. bxc5 Bxe4 25. Bxe4 fxe4 26. Rxe4 bxc5 27. Qa3 Nf3+ 28. Qxf3 Rb2 29. Qe3 Rxa2 30. Rxe6 Qd7 31. Re1 Qxd2 32. Re8+ Kg7 33. Qe7+ Kh6 34. Qh4+ Kg7 35. R1e7# 1-0


[Site "https://www.chess.com"]

[Event "Titled Tuesday Blitz August 15 Late 2023"]
[White "Dwilewicz, Katarzyna"]
[Black "Gasparyan, David"]
[WhiteFideId "1148486"]
[BlackFideId "13311980"]
[WhiteElo "2390"]
[BlackElo "2554"]
[Result "1-0"]
[Round "4"]
[TimeControl "180+1"]
[Date "2023.08.15"]
[WhiteClock "0:00:08"]
[BlackClock "0:00:10"]
[Board "114"]

1. e4 c5 2. Nf3 Nc6 3. g3 g6 4. Bg2 Bg7 5. O-O e6 6. c3 Nge7 7. d4 cxd4 8. cxd4 d5 9. e5 h6 10. Nc3 a6 11. Be3 b5 12. Rc1 Bb7 13. Nd2 Qb6 14. Nb3 Rc8 15. Qd2 a5 16. Nc5 Ba8 17. h3 a4 18. g4 h5 19. f4 hxg4 20. hxg4 Na5 21. b4 Nc4 22. Qe2 Nxe3 23. Qxe3 Rh4 24. Bf3 g5 25. fxg5 Ng6 26. Kg2 Ke7 27. a3 Rch8 28. Rh1 Rxh1 29. Rxh1 Nh4+ 30. Kg3 Nxf3 31. Qxf3 Rxh1 32. Qxh1 Qb8 33. Kf4 Bc6 34. Qh7 Qh8 35. Qxh8 Bxh8 36. Na6 Kd7 37. Ne2 Bg7 38. Ng3 Bb7 39. Nc5+ Kc6 40. Nh5 Bf8 41. Nf6 Bc8 42. Nh7 Be7 43. Nf6 Bf8 44. Nh5 Be7 45. Ng3 Bf8 46. g6 fxg6 47. Kg5 Be7+ 48. Kxg6 Bh4 49. Ne2 Be1 50. Kf7 Bd2 51. Kf6 Bd7 52. g5 Be8 53. g6 Bxg6 54. Kxg6 Be3 55. Kf6 Bd2 56. Kxe6 Bg5 57. Kf5 Be3 58. e6 Kd6 59. Kf6 Bf2 60. Kf7 Bh4 61. Nb7+ Kc7 62. e7 Bxe7 63. Kxe7 Kxb7 64. Kd6 Kb6 65. Kxd5 Kc7 66. Kc5 Kb7 67. d5 Ka6 68. d6 Kb7 69. Nd4 Ka6 70. Kc6 Ka7 71. Nxb5+ Ka6 72. Nc3 Ka7 73. d7 Ka6 74. d8=Q Ka7 75. Qc7+ Ka6 76. Qb7# 1-0


[Site "https://www.chess.com"]

[Event "Titled Tuesday Blitz August 15 Late 2023"]
[White "Francisco Guecamburu, Candela Be"]
[Black "Labussiere, Yago"]
[WhiteFideId "160911"]
[BlackFideId "2186969"]
[WhiteElo "2550"]
[BlackElo "2382"]
[Result "1-0"]
[Round "4"]
[TimeControl "180+1"]
[Date "2023.08.15"]
[WhiteClock "0:00:10"]
[BlackClock "0:00:06"]
[Board "115"]

1. e4 c5 2. Nf3 Nc6 3. Bb5 g6 4. Bxc6 dxc6 5. d3 Qc7 6. h3 e5 7. Be3 Nf6 8. Qd2 h6 9. a4 a5 10. Na3 Be6 11. Qc3 Nd7 12. Nd2 Bg7 13. f4 O-O 14. f5 gxf5 15. exf5 Bxf5 16. Ne4 Bg6 17. O-O f5 18. Nxc5 Nxc5 19. Bxc5 Rf7 20. Nc4 e4 21. Bd4 Bxd4+ 22. Qxd4 Rd8 23. Qe5 Qxe5 24. Nxe5 Rg7 25. dxe4 fxe4 26. Rad1 Re8 27. Ng4 Rc8 28. Nxh6+ Kh7 29. Ng4 Re7 30. Rf6 Kg7 31. Rdd6 Bh7 32. Ne3 Rf8 33. Rh6 Ref7 34. Rh4 Re7 35. Rg4+ Kh8 36. Rh6 Rff7 37. Rd6 Rf8 38. Kh2 Rff7 39. Kg3 Rf8 40. c3 Rfe8 41. b4 axb4 42. cxb4 Ra8 43. a5 Rae8 44. Rf6 Rb8 45. Rgf4 Rbe8 46. Rf8+ Rxf8 47. Rxf8+ Kg7 48. Rb8 Rd7 49. Kf4 Rd3 50. Rxb7+ Kf6 51. Rc7 Rc3 52. Nd5+ Ke6 53. Nxc3 Kd6 54. Rxh7 e3 55. Kxe3 c5 56. Rh6+ 1-0


[Site "https://www.chess.com"]

[Event "Titled Tuesday Blitz August 15 Late 2023"]
[White "rionelG"]
[Black "Bilan, Danila"]
[BlackFideId "24161918"]
[WhiteElo "2378"]
[BlackElo "2543"]
[Result "0-1"]
[Round "4"]
[TimeControl "180+1"]
[Date "2023.08.15"]
[WhiteClock "0:00:04"]
[BlackClock "0:00:10"]
[Board "116"]

1. e4 c6 2. d4 d5 3. e5 c5 4. dxc5 Nc6 5. Nf3 Bg4 6. c3 Bxf3 7. Qxf3 Nxe5 8. Qg3 Nc6 9. Bb5 e6 10. b4 Nf6 11. O-O Be7 12. Qxg7 Rg8 13. Qh6 Qc7 14. Bf4 e5 15. Bg3 O-O-O 16. Nd2 Rg6 17. Qh3+ Qd7 18. Qxd7+ Nxd7 19. Nf3 e4 20. Bxc6 bxc6 21. Nd4 h5 22. Nxc6 Rxc6 23. f3 h4 24. Bf4 f5 25. Rad1 Nf8 26. fxe4 fxe4 27. Be5 Ng6 28. Bd4 Rf8 29. b5 Rxc5 30. Rxf8+ Bxf8 31. Bxc5 Bxc5+ 32. Kf1 Nf4 33. c4 d4 34. g3 hxg3 35. hxg3 Ne6 36. Ke2 d3+ 37. Kd2 Ng5 38. Rh1 Nf3+ 39. Kd1 e3 40. Rh8+ Kd7 41. Rh5 e2+ 42. Kc1 Ba3+ 43. Kb1 e1=Q# 0-1


[Site "https://www.chess.com"]

[Event "Titled Tuesday Blitz August 15 Late 2023"]
[White "Topalov, Aleksandar"]
[Black "Shapiro, Viktor"]
[WhiteFideId "925659"]
[BlackFideId "4175700"]
[WhiteElo "2374"]
[BlackElo "2543"]
[Result "0-1"]
[Round "4"]
[TimeControl "180+1"]
[Date "2023.08.15"]
[WhiteClock "0:00:00"]
[BlackClock "0:00:12"]
[Board "117"]

1. b3 Nf6 2. Bb2 d5 3. Nf3 Bf5 4. g3 Nbd7 5. Bg2 e6 6. O-O h6 7. d3 Be7 8. e4 dxe4 9. dxe4 Bxe4 10. Nbd2 Bc6 11. Qe2 O-O 12. Rad1 a5 13. a3 Qc8 14. Nc4 Rd8 15. h3 b5 16. Nce5 Nxe5 17. Nxe5 Bxg2 18. Kxg2 Qb7+ 19. Kh2 a4 20. b4 c5 21. bxc5 Bxc5 22. f4 b4 23. axb4 Bxb4 24. Nd3 Be7 25. f5 exf5 26. Rxf5 a3 27. Ba1 Qe4 28. Qf2 Rd5 29. Rf4 Qh7 30. Re1 Rd7 31. Qe2 Rf8 32. Qf3 Rc7 33. Re2 Rfc8 34. Qf2 Qg6 35. Ne5 Qxc2 36. Rxc2 Rxc2 0-1


[Site "https://www.chess.com"]

[Event "Titled Tuesday Blitz August 15 Late 2023"]
[White "Kekic, Armin"]
[Black "Deng, Henry"]
[WhiteFideId "14401274"]
[BlackFideId "30965454"]
[WhiteElo "2353"]
[BlackElo "2543"]
[Result "1-0"]
[Round "4"]
[TimeControl "180+1"]
[Date "2023.08.15"]
[WhiteClock "0:00:07"]
[BlackClock "0:00:20"]
[Board "118"]

1. e4 c5 2. c3 Nf6 3. d3 d5 4. Nd2 Nc6 5. Ngf3 g6 6. Be2 Bg7 7. O-O O-O 8. Re1 Re8 9. h3 b6 10. Qc2 Bb7 11. Nf1 Qc7 12. Ng3 Rad8 13. Bf1 h6 14. a3 a6 15. e5 Nd7 16. e6 Nde5 17. Nxe5 Nxe5 18. f4 Nc6 19. exf7+ Kxf7 20. Qf2 Kg8 21. Qf3 e5 22. Qg4 exf4 23. Bxf4 Qf7 24. h4 Bc8 25. Qf3 Rf8 26. Ne2 Rde8 27. Bd6 Qxf3 28. gxf3 Rxf3 29. Bg2 Rf4 30. Nxf4 Rxe1+ 31. Rxe1 g5 32. Bxd5+ Kh7 33. Be4+ Kg8 34. Bxc6 gxf4 35. Re8+ Kf7 36. Rxc8 Ke6 37. Bxf4 Bf6 38. Be4 Bxh4 39. Rc6+ Kd7 40. Rxb6 Be1 41. Rxa6 c4 42. dxc4 Bxc3 43. bxc3 h5 44. Rc6 h4 45. a4 h3 46. a5 h2+ 47. Kxh2 Ke7 48. a6 Kd7 49. a7 Ke7 50. a8=Q Kd7 51. Qb7+ Kd8 52. Rc8# 1-0


[Site "https://www.chess.com"]

[Event "Titled Tuesday Blitz August 15 Late 2023"]
[White "Karamsetty, Jeevan"]
[Black "Silvestre, Christian"]
[WhiteFideId "2025337"]
[BlackFideId "30956269"]
[WhiteElo "2533"]
[BlackElo "2351"]
[Result "0-1"]
[Round "4"]
[TimeControl "180+1"]
[Date "2023.08.15"]
[WhiteClock "0:00:00"]
[BlackClock "0:01:18"]
[Board "119"]

1. e4 c5 2. Nc3 e6 3. Nf3 d5 4. exd5 exd5 5. d4 Nf6 6. Bb5+ Nc6 7. O-O Be7 8. dxc5 Bxc5 9. Re1+ Be7 10. Bg5 O-O 11. Bxf6 Bxf6 12. Nxd5 Bxb2 13. Rb1 Bf6 14. Qd3 a6 15. Bc4 Bg4 16. Rxb7 Na5 17. Rb4 Nxc4 18. Rxc4 Bxf3 19. Qxf3 Bg5 20. Rg4 Bh6 21. h3 Kh8 22. Ne7 Qa5 23. c3 g6 24. Nd5 Bg7 25. Nf6 Rac8 26. Rh4 h6 27. Ne4 f5 28. Ng3 Rxc3 29. Qe2 Ra3 30. Qe6 Rf6 31. Qe8+ Rf8 32. Qe6 Rf6 33. Qe8+ Kh7 34. Rd1 Rxa2 35. Rd8 Rf8 36. Qxf8 Bxf8 37. Rxf8 Qe1+ 38. Kh2 Qxf2 39. Rxh6+ Kxh6 40. Rh8+ Kg7 0-1


[Site "https://www.chess.com"]